Blue Jackets vs Canucks
Created - March 6, 2019 at 22:46
Goals
|
| Blue Jackets |
3 |
2 |
1 |
6 |
| Canucks |
0 |
2 |
0 |
2 |
|
Shots
|
| Blue Jackets |
5 |
10 |
9 |
24 |
| Canucks |
18 |
6 |
8 |
32 |
|
1st period
1. Blue Jackets , Brenden Morrow 12 (Mike Lundin 31, Andreas Nodl 16) at 4:48
2. Blue Jackets , Andreas Nodl 11 (Mike Lundin 32, Mike Comrie 16) at 14:03
3. Blue Jackets , Branislav Mezei 4 (Brenden Morrow 14) at 16:40
Penalties :
Chris Higgins (Van) for Hooking (Minor) at 6:06
2nd period
4. Blue Jackets , Brenden Morrow 13 (Mike Comrie 17, A.J Thelen 7) at 2:36
5. Canucks , Nick Palmieri 15 (Jamie McBain 17, Alex Goligoski 46) at 8:53 (PP)
6. Canucks , Matt Stajan 20 (Chris Higgins 29, Brad Boyes 26) at 9:09
7. Blue Jackets , Max Pacioretty 20 (Martin Havlat 55) at 10:09 (PP)
Penalties :
Martin Havlat (Clb) for Roughing (Minor) at 8:26, Alex Goligoski (Van) for High sticking (Minor) at 10:00
3rd period
8. Blue Jackets , Dennis Wideman 7 (Peter Mueller 18, Rick DiPietro) at 14:41
Penalties :
Pavel Datsyuk (Clb) for Hooking (Minor) at 11:45, Brad Boyes (Van) for Fighting (Major) at 14:42, Brenden Morrow (Clb) for Fighting (Major) at 14:42, Brenden Morrow (Clb) for instigated a fight (Minor) at 14:42, Brenden Morrow (Clb) for instigated a fight (10 Minutes Misconduct) at 14:42
Goalie Stats
Rick DiPietro (Clb), 30 saves from 32 shots - (0.938), W, 29-20-6, 60:00 minutes
Alex Stalock (Van), 14 saves from 16 shots - (0.875), 37:24 minutes
Michal Neuvirth (Van), 4 saves from 8 shots - (0.500), L, 25-22-4, 22:36 minutes
Players Stats for Blue Jackets
Player Name G A P +/- PIM S H SB GA TA FO MP PP MP PK MP
------------------------------------------------------------------------------------
A.J Thelen 0 1 1 2 0 0 1 0 0 0 0/0 14:55 0:00 0:00
Andreas Nodl 1 1 2 3 0 3 2 0 1 0 0/0 18:06 0:53 0:00
Branislav Mezei 1 0 1 1 0 2 2 1 0 0 0/0 19:54 1:02 2:12
Brenden Morrow 2 1 3 3 17 2 1 1 1 0 0/0 17:45 0:53 0:56
Dennis Wideman 1 0 1 1 0 3 1 1 0 2 0/0 25:11 1:06 2:13
Kevin Porter 0 0 0 1 0 1 2 0 0 0 2/5 8:18 0:00 1:15
Kurtis Foster 0 0 0 1 0 0 2 1 0 0 0/0 19:54 1:02 2:12
Martin Havlat 0 1 1 0 2 0 1 0 0 1 1/2 19:09 1:15 1:58
Max Pacioretty 1 0 1 0 0 2 1 0 0 1 1/2 17:17 1:15 0:39
Mike Comrie 0 2 2 3 0 2 2 2 0 1 10/15 18:25 0:53 0:19
Mike Lundin 0 2 2 1 0 1 2 1 1 0 0/0 25:11 1:06 2:13
Mike York 0 0 0 1 0 2 0 0 0 0 0/0 7:37 0:00 0:34
Patrick O'Sullivan 0 0 0 0 0 0 1 0 0 0 0/0 3:14 0:00 0:00
Pavel Datsyuk 0 0 0 1 2 1 4 1 0 1 8/26 23:48 1:15 1:25
Peter Mueller 0 1 1 0 0 2 1 0 0 0 2/8 13:19 0:00 0:00
Rostislav Olesz 0 0 0 0 0 2 2 0 0 1 0/1 15:15 0:00 1:44
Ryan Wilson 0 0 0 2 0 0 1 0 0 0 0/0 14:55 0:00 0:00
Tyler Kennedy 0 0 0 0 0 1 2 0 1 0 0/0 13:19 0:00 0:00
Players Stats for Canucks
Player Name G A P +/- PIM S H SB GA TA FO MP PP MP PK MP
------------------------------------------------------------------------------------
Alex Goligoski 0 1 1 0 2 3 1 2 1 1 0/0 27:01 2:39 1:03
Brad Boyes 0 1 1 0 5 3 1 1 0 0 1/6 20:45 1:24 1:15
Chris Campoli 0 0 0 -2 0 0 1 2 0 0 0/0 12:13 1:10 0:00
Chris Higgins 0 1 1 0 2 3 1 0 2 0 0/1 21:46 2:28 0:00
Clarke MacArthur 0 0 0 -1 0 1 1 0 0 0 0/0 15:42 1:57 0:12
Derek Boogaard 0 0 0 -1 0 1 0 0 0 0 1/1 11:54 0:00 0:00
James Wright 0 0 0 -2 0 1 1 0 0 0 3/5 9:34 0:00 0:00
Jamie McBain 0 1 1 0 0 3 0 2 1 2 0/0 27:34 3:15 1:05
Johan Franzen 0 0 0 -2 0 1 1 0 0 0 0/0 10:07 0:31 0:00
Justin Falk 0 0 0 -2 0 1 1 1 0 1 0/0 10:35 0:00 0:00
Ladislav Smid 0 0 0 -2 0 1 0 4 0 0 0/0 20:01 0:00 1:03
Martins Karsums 0 0 0 -1 0 1 1 1 0 0 0/0 11:01 0:00 0:00
Matt Stajan 1 0 1 0 0 4 0 1 0 0 19/30 22:57 2:25 1:15
Mike Ribeiro 0 0 0 -1 0 2 1 0 1 0 6/9 16:06 1:47 0:44
Nick Palmieri 1 0 1 -1 0 5 1 2 1 0 0/0 15:30 1:57 0:00
Nik Antropov 0 0 0 -1 0 0 2 0 0 0 5/7 11:47 0:46 0:00
Ryan Hollweg 0 0 0 -2 0 2 2 0 1 0 0/0 10:41 0:00 0:50
Steve Montador 0 0 0 -2 0 0 0 2 0 0 0/0 22:35 1:46 1:05
3 Stars
1 - Andreas Nodl (Clb)
2 - Mike Comrie (Clb)
3 - Mike Lundin (Clb)
Power Play
Blue Jackets - 1 on 2 Attempt(s) - 50.00%
Canucks - 1 on 3 Attempt(s) - 33.33%
Penalty Kill
Blue Jackets - 2 on 3 Attempt(s) - 66.67%
- Score 0 goal in Penalty Kill
Canucks - 1 on 2 Attempt(s) - 50.00%
- Score 0 goal in Penalty Kill
Team Stat
Blue Jackets - Hits : 28 - Faceoff Wins : 24 - Blocked Shots : 8 - Penalty Minutes : 21
Canucks - Hits : 15 - Faceoff Wins : 35 - Blocked Shots : 18 - Penalty Minutes : 9
Official
Referees : Unknown
Linesman : Unknown
Game Notes
Alex Stalock enters game at 2:36 of 2nd period
Brenden Morrow beats up Brad Boyes at 14:42 of 3rd period
Finance
Level 1 -- Attendance: 5182 (86.37%) -- Ticket Income $440,470
Level 2 -- Attendance: 4902 (98.04%) -- Ticket Income $250,002
Level 3 -- Attendance: 2000 (100.00%) -- Ticket Income $64,000
Level 4 -- Attendance: 4000 (100.00%) -- Ticket Income $80,000
Luxury Box -- Attendance: 993 (99.30%) -- Ticket Income $99,300
Game was played at the Budweiser Coliseum.
Total Attendance: 17077 (94.87%)
Total Ticket Income: $933,772
Other Income: $140,066
Total Income: $1,073,838
Blue Jackets
5 vs 5 Forward
Center Left Wing Right Wing Time % Phy DF OF
1 Pavel Datsyuk Max Pacioretty Martin Havlat 40 1 2 2
2 Mike Comrie Brenden Morrow Andreas Nodl 30 1 2 2
3 Peter Mueller Rostislav Olesz Tyler Kennedy 20 1 2 2
4 Kevin Porter Mike York Pavel Datsyuk 10 1 2 2
5 vs 5 Defense
Defense Defense Time % Phy DF OF
1 Mike Lundin Dennis Wideman 40 1 2 2
2 Kurtis Foster Branislav Mezei 30 1 2 2
3 Ryan Wilson A.J Thelen 20 1 2 2
4 Mike Lundin Dennis Wideman 10 1 2 2
PowerPlay Forward
Center Left Wing Right Wing Time % Phy DF OF
1 Pavel Datsyuk Max Pacioretty Martin Havlat 60 1 2 2
2 Mike Comrie Brenden Morrow Andreas Nodl 40 1 2 2
PowerPlay Defense
Defense Defense Time % Phy DF OF
1 Mike Lundin Dennis Wideman 60 1 2 2
2 Kurtis Foster Branislav Mezei 40 1 2 2
Penalty Kill 4 Players Forward
Center Wing Time % Phy DF OF
1 Pavel Datsyuk Martin Havlat 60 1 2 2
2 Max Pacioretty Brenden Morrow 40 1 2 2
Penalty Kill 4 Players Defense
Defense Defense Time % Phy DF OF
1 Mike Lundin Dennis Wideman 60 1 2 2
2 Kurtis Foster Branislav Mezei 40 1 2 2
Penalty Kill - 3 Players Forward
Forward Time % Phy DF OF
1 Pavel Datsyuk 60 1 2 2
2 Martin Havlat 40 1 2 2
Penalty Kill - 3 Players Defense
Defense Defense Time % Phy DF OF
1 Mike Lundin Dennis Wideman 60 1 2 2
2 Kurtis Foster Branislav Mezei 40 1 2 2
4 vs 4 Forward
Center Wing Time % Phy DF OF
1 Pavel Datsyuk Martin Havlat 60 1 2 2
2 Max Pacioretty Brenden Morrow 40 1 2 2
4 vs 4 Defense
Defense Defense Time % Phy DF OF
1 Mike Lundin Dennis Wideman 60 1 2 2
2 Kurtis Foster Branislav Mezei 40 1 2 2
Last Minutes Offensive
Center Left Wing Right Wing Defense Defense
Pavel Datsyuk Max Pacioretty Martin Havlat Mike Lundin Dennis Wideman
Last Minutes Defensive
Center Left Wing Right Wing Defense Defense
Pavel Datsyuk Max Pacioretty Martin Havlat Mike Lundin Dennis Wideman
Goaltenders
Starting : Rick DiPietro
Backup : Marek Schwarz
Extra Forwards
Normal : Patrick O'Sullivan, Peter Mueller, Rostislav Olesz - PP : Patrick O'Sullivan, Peter Mueller - PK : Rostislav Olesz
Extra Defensemen
Normal : Ryan Wilson, A.J Thelen, Kurtis Foster - PP : Ryan Wilson - PK : A.J Thelen, Kurtis Foster
Penalty Shots
Pavel Datsyuk, Martin Havlat, Max Pacioretty, Brenden Morrow, Mike Comrie
Scratches
Andrew Gordon (Healthy), Devin Setoguchi (Suspend), Cam Fowler (Left Leg Injury)
Canucks
5 vs 5 Forward
Center Left Wing Right Wing Time % Phy DF OF
1 Matt Stajan Chris Higgins Brad Boyes 55 1 2 2
2 Mike Ribeiro Clarke MacArthur Nick Palmieri 30 1 2 2
3 Nik Antropov Derek Boogaard Martins Karsums 10 1 2 2
4 James Wright Ryan Hollweg Johan Franzen 5 1 2 2
5 vs 5 Defense
Defense Defense Time % Phy DF OF
1 Jamie McBain Alex Goligoski 55 1 2 2
2 Steve Montador Ladislav Smid 30 1 2 2
3 Chris Campoli Justin Falk 10 1 2 2
4 Alex Goligoski Steve Montador 5 1 2 2
PowerPlay Forward
Center Left Wing Right Wing Time % Phy DF OF
1 Matt Stajan Chris Higgins Brad Boyes 60 0 0 5
2 Mike Ribeiro Clarke MacArthur Nick Palmieri 40 0 0 5
PowerPlay Defense
Defense Defense Time % Phy DF OF
1 Jamie McBain Alex Goligoski 60 0 0 5
2 Jamie McBain Steve Montador 40 0 0 5
Penalty Kill 4 Players Forward
Center Wing Time % Phy DF OF
1 Matt Stajan Brad Boyes 60 1 2 2
2 Mike Ribeiro Chris Higgins 40 1 2 2
Penalty Kill 4 Players Defense
Defense Defense Time % Phy DF OF
1 Jamie McBain Steve Montador 60 1 2 2
2 Alex Goligoski Ladislav Smid 40 1 2 2
Penalty Kill - 3 Players Forward
Forward Time % Phy DF OF
1 Matt Stajan 60 1 2 2
2 Brad Boyes 40 1 2 2
Penalty Kill - 3 Players Defense
Defense Defense Time % Phy DF OF
1 Jamie McBain Steve Montador 60 1 2 2
2 Jamie McBain Alex Goligoski 40 1 2 2
4 vs 4 Forward
Center Wing Time % Phy DF OF
1 Matt Stajan Brad Boyes 60 1 2 2
2 Mike Ribeiro Chris Higgins 40 1 2 2
4 vs 4 Defense
Defense Defense Time % Phy DF OF
1 Jamie McBain Alex Goligoski 60 1 2 2
2 Jamie McBain Steve Montador 40 1 2 2
Last Minutes Offensive
Center Left Wing Right Wing Defense Defense
Matt Stajan Chris Higgins Brad Boyes Jamie McBain Alex Goligoski
Last Minutes Defensive
Center Left Wing Right Wing Defense Defense
Matt Stajan Chris Higgins Brad Boyes Jamie McBain Alex Goligoski
Goaltenders
Starting : Michal Neuvirth
Backup : Alex Stalock
Extra Forwards
Normal : Derek Boogaard, Nik Antropov, Ryan Hollweg - PP : Nick Palmieri, Nik Antropov - PK : Ryan Hollweg
Extra Defensemen
Normal : Chris Campoli, Justin Falk, Jamie McBain - PP : Chris Campoli - PK : Justin Falk, Jamie McBain
Penalty Shots
Matt Stajan, Brad Boyes, Mike Ribeiro, Chris Higgins, Clarke MacArthur
Scratches
Danny DeKeiser (Left Hand Injury)
% Time on Ice - Blue Jackets
Lines # - Real PCT - Wanted PCT - Time Play
Normal Forward
1 - 30% - 40% - 15:57
2 - 32% - 30% - 17:13
3 - 25% - 20% - 13:19
4 - 13% - 10% - 6:58
Normal Defense
1 - 36% - 40% - 19:19
2 - 31% - 30% - 16:40
3 - 28% - 20% - 14:55
4 - 5% - 10% - 2:33
PP Forward
1 - 59% - 60% - 1:15
2 - 41% - 40% - 0:53
PP Defense
1 - 52% - 60% - 1:06
2 - 48% - 40% - 1:02
PK Forward
1 - 85% - 60% - 3:46
2 - 15% - 40% - 0:39
PK Defense
1 - 50% - 60% - 2:13
2 - 50% - 40% - 2:12
PK3 Forward
1 - 0% - 60%
2 - 0% - 40%
PK3 Defense
1 - 0% - 60%
2 - 0% - 40%
44 Forward
1 - 0% - 60%
2 - 0% - 40%
44 Defense
1 - 0% - 60%
2 - 0% - 40%
Last Minute Offensive - 0:00
Last Minute Defensive - 0:00
Total
Forward - 60:00
Defense - 60:00
|
% Time on Ice - Canucks
Lines # - Real PCT - Wanted PCT - Time Play
Normal Forward
1 - 36% - 55% - 19:19
2 - 25% - 30% - 13:33
3 - 21% - 10% - 11:01
4 - 18% - 5% - 9:34
Normal Defense
1 - 44% - 55% - 23:24
2 - 36% - 30% - 19:16
3 - 20% - 10% - 10:35
4 - 0% - 5% - 0:12
PP Forward
1 - 63% - 60% - 2:47
2 - 37% - 40% - 1:38
PP Defense
1 - 60% - 60% - 2:39
2 - 40% - 40% - 1:46
PK Forward
1 - 66% - 60% - 1:24
2 - 34% - 40% - 0:44
PK Defense
1 - 51% - 60% - 1:05
2 - 49% - 40% - 1:03
PK3 Forward
1 - 0% - 60%
2 - 0% - 40%
PK3 Defense
1 - 0% - 60%
2 - 0% - 40%
44 Forward
1 - 0% - 60%
2 - 0% - 40%
44 Defense
1 - 0% - 60%
2 - 0% - 40%
Last Minute Offensive - 0:00
Last Minute Defensive - 0:00
Total
Forward - 60:00
Defense - 60:00
|
Play-by-Play
1st period
0:01 of 1st period - Brad Boyes wins face-off versus Pavel Datsyuk in neutral zone.
0:37 of 1st period - Off-side.
0:38 of 1st period - Nik Antropov wins face-off versus Peter Mueller in neutral zone.
0:40 of 1st period - Off-side.
0:41 of 1st period - Nik Antropov wins face-off versus Peter Mueller in neutral zone.
0:50 of 1st period - Snap shot by Martins Karsums.
0:50 of 1st period - Stopped by Rick DiPietro without a rebound.
0:51 of 1st period - Matt Stajan wins face-off versus Kevin Porter in Blue Jackets zone.
0:52 of 1st period - Slapshot by Brad Boyes.
0:52 of 1st period - Stopped by Rick DiPietro with a rebound.
0:54 of 1st period - Slapshot by Justin Falk.
0:54 of 1st period - Stopped by Rick DiPietro with a rebound.
1:45 of 1st period - Snap shot by Ryan Hollweg.
1:45 of 1st period - Shot Misses the Net.
2:12 of 1st period - Snap shot by Brad Boyes.
2:12 of 1st period - Stopped by Rick DiPietro without a rebound.
2:13 of 1st period - Mike Comrie wins face-off versus Brad Boyes in Blue Jackets zone.
2:45 of 1st period - Slapshot by Jamie McBain.
2:45 of 1st period - Shot Blocked by Mike Lundin.
3:46 of 1st period - Snap shot by Ryan Hollweg.
3:46 of 1st period - Stopped by Rick DiPietro with a rebound.
4:04 of 1st period - Snap shot by Nick Palmieri.
4:04 of 1st period - Shot Misses the Net.
4:06 of 1st period - Slapshot by Alex Goligoski.
4:06 of 1st period - Stopped by Rick DiPietro with a rebound.
4:08 of 1st period - Slapshot by Alex Goligoski.
4:08 of 1st period - Deflect By Nick Palmieri.
4:08 of 1st period - Stopped by Rick DiPietro without a rebound.
4:09 of 1st period - Matt Stajan wins face-off versus Pavel Datsyuk in Blue Jackets zone.
4:44 of 1st period - Slapshot by Brenden Morrow.
4:44 of 1st period - Shot Misses the Net.
4:46 of 1st period - Slapshot by Mike Lundin.
4:46 of 1st period - Shot Blocked by Steve Montador.
4:48 of 1st period - Slapshot by Mike Lundin.
4:48 of 1st period - Deflect By Brenden Morrow.
4:48 of 1st period - Goal by Brenden Morrow - Blue Jackets : 1 - Canucks : 0.
4:49 of 1st period - Matt Stajan wins face-off versus Pavel Datsyuk in neutral zone.
5:21 of 1st period - Slapshot by Branislav Mezei.
5:21 of 1st period - Deflect By Brenden Morrow.
5:21 of 1st period - Shot Blocked by Nick Palmieri.
5:21 of 1st period - Puck is out of play.
5:22 of 1st period - Peter Mueller wins face-off versus Mike Ribeiro in Canucks zone.
6:06 of 1st period - Minor Penalty to Chris Higgins for Hooking.
6:07 of 1st period - Matt Stajan wins face-off versus Pavel Datsyuk in Canucks zone.
7:05 of 1st period - Snap shot by Mike Ribeiro.
7:05 of 1st period - Deflect By Ryan Hollweg.
7:05 of 1st period - Stopped by Rick DiPietro without a rebound.
7:06 of 1st period - Mike Ribeiro wins face-off versus Pavel Datsyuk in Blue Jackets zone.
7:07 of 1st period - Wrist shot by Ryan Hollweg.
7:07 of 1st period - Deflect By Mike Ribeiro.
7:07 of 1st period - Stopped by Rick DiPietro with a rebound.
7:17 of 1st period - Ryan Hollweg is hit by Max Pacioretty and loses puck.
7:32 of 1st period - Jamie McBain is hit by Kurtis Foster and loses puck.
8:06 of 1st period - Penalty to Chris Higgins is over, Chris Higgins is back on ice.
8:21 of 1st period - Snap shot by Peter Mueller.
8:21 of 1st period - Deflect By Rostislav Olesz.
8:21 of 1st period - Stopped by Michal Neuvirth without a rebound.
8:22 of 1st period - Nik Antropov wins face-off versus Peter Mueller in Canucks zone.
8:37 of 1st period - Ryan Wilson is hit by Nik Antropov and loses puck.
9:35 of 1st period - Alex Goligoski is hit by Mike Lundin and loses puck.
10:08 of 1st period - Wrist shot by Tyler Kennedy.
10:08 of 1st period - Shot Blocked by Nick Palmieri.
10:10 of 1st period - Snap shot by Tyler Kennedy.
10:10 of 1st period - Shot Blocked by Ladislav Smid.
10:54 of 1st period - Ladislav Smid is hit by Peter Mueller and loses puck.
12:09 of 1st period - Branislav Mezei is hit by Ryan Hollweg and loses puck.
12:50 of 1st period - Snap shot by Peter Mueller.
12:50 of 1st period - Shot Misses the Net.
13:08 of 1st period - Chris Campoli is hit by Branislav Mezei and loses puck.
13:27 of 1st period - Kurtis Foster is hit by Chris Higgins and loses puck.
13:51 of 1st period - Icing by Chris Campoli.
13:52 of 1st period - Derek Boogaard wins face-off versus Mike Comrie in Canucks zone.
13:59 of 1st period - Snap shot by Mike Comrie.
13:59 of 1st period - Stopped by Michal Neuvirth with a rebound.
14:01 of 1st period - Slapshot by Mike Lundin.
14:01 of 1st period - Shot Blocked by Chris Campoli.
14:03 of 1st period - Wrist shot by Andreas Nodl.
14:03 of 1st period - Goal by Andreas Nodl - Blue Jackets : 2 - Canucks : 0.
14:04 of 1st period - Pavel Datsyuk wins face-off versus Matt Stajan in neutral zone.
14:15 of 1st period - Wrist shot by Brad Boyes.
14:15 of 1st period - Shot Blocked by Pavel Datsyuk.
15:10 of 1st period - Snap shot by Matt Stajan.
15:10 of 1st period - Shot Misses the Net.
15:12 of 1st period - Snap shot by Brad Boyes.
15:12 of 1st period - Stopped by Rick DiPietro without a rebound.
15:13 of 1st period - Max Pacioretty wins face-off versus Chris Higgins in Blue Jackets zone.
15:26 of 1st period - Snap shot by Chris Higgins.
15:26 of 1st period - Shot Blocked by Branislav Mezei.
15:28 of 1st period - Slapshot by Jamie McBain.
15:28 of 1st period - Stopped by Rick DiPietro without a rebound.
15:29 of 1st period - Mike Comrie wins face-off versus Matt Stajan in Blue Jackets zone.
15:31 of 1st period - Icing by Branislav Mezei.
15:32 of 1st period - Mike Comrie wins face-off versus Matt Stajan in Blue Jackets zone.
15:38 of 1st period - Off-side.
15:39 of 1st period - Mike Comrie wins face-off versus Brad Boyes in neutral zone.
16:14 of 1st period - Wrist shot by Chris Higgins.
16:14 of 1st period - Shot Blocked by Mike Comrie.
16:16 of 1st period - Wrist shot by Jamie McBain.
16:16 of 1st period - Stopped by Rick DiPietro with a rebound.
16:18 of 1st period - Slapshot by Alex Goligoski.
16:18 of 1st period - Shot Misses the Net.
16:30 of 1st period - Slapshot by Jamie McBain.
16:30 of 1st period - Shot Misses the Net.
16:40 of 1st period - Backhand shot by Branislav Mezei.
16:40 of 1st period - Goal by Branislav Mezei - Blue Jackets : 3 - Canucks : 0.
16:41 of 1st period - Mike Ribeiro wins face-off versus Pavel Datsyuk in neutral zone.
16:52 of 1st period - Snap shot by Mike Ribeiro.
16:52 of 1st period - Stopped by Rick DiPietro without a rebound.
16:53 of 1st period - Mike Ribeiro wins face-off versus Pavel Datsyuk in Blue Jackets zone.
16:56 of 1st period - Snap shot by Nick Palmieri.
16:56 of 1st period - Stopped by Rick DiPietro without a rebound.
16:57 of 1st period - Mike Ribeiro wins face-off versus Pavel Datsyuk in Blue Jackets zone.
16:58 of 1st period - Slapshot by Nick Palmieri.
16:58 of 1st period - Stopped by Rick DiPietro with a rebound.
17:00 of 1st period - Snap shot by Mike Ribeiro.
17:00 of 1st period - Shot Misses the Net.
17:02 of 1st period - Snap shot by Mike Ribeiro.
17:02 of 1st period - Shot Misses the Net.
17:04 of 1st period - Snap shot by Nick Palmieri.
17:04 of 1st period - Stopped by Rick DiPietro without a rebound.
17:05 of 1st period - Matt Stajan wins face-off versus Pavel Datsyuk in Blue Jackets zone.
17:06 of 1st period - Snap shot by Chris Higgins.
17:06 of 1st period - Shot Misses the Net.
17:36 of 1st period - Off-side.
17:37 of 1st period - Matt Stajan wins face-off versus Mike Comrie in neutral zone.
17:48 of 1st period - Snap shot by Matt Stajan.
17:48 of 1st period - Shot Blocked by Brenden Morrow.
17:50 of 1st period - Slapshot by Ladislav Smid.
17:50 of 1st period - Stopped by Rick DiPietro without a rebound.
17:51 of 1st period - Matt Stajan wins face-off versus Pavel Datsyuk in Blue Jackets zone.
18:29 of 1st period - Backhand shot by Andreas Nodl.
18:29 of 1st period - Shot Misses the Net.
18:50 of 1st period - Slapshot by Branislav Mezei.
18:50 of 1st period - Shot Misses the Net.
19:02 of 1st period - Wrist shot by Johan Franzen.
19:02 of 1st period - Stopped by Rick DiPietro without a rebound.
19:03 of 1st period - James Wright wins face-off versus Kevin Porter in Blue Jackets zone.
19:18 of 1st period - Icing by Jamie McBain.
19:19 of 1st period - James Wright wins face-off versus Pavel Datsyuk in Canucks zone.
19:23 of 1st period - Off-side.
19:24 of 1st period - Matt Stajan wins face-off versus Martin Havlat in neutral zone.
19:50 of 1st period - Off-side.
19:51 of 1st period - Mike Comrie wins face-off versus Mike Ribeiro in neutral zone.
19:54 of 1st period - Clarke MacArthur is hit by Mike Comrie and loses puck.
Goals for this period are 3 for Blue Jackets vs 0 for Canucks.
Shots for this period are 5 for Blue Jackets vs 18 for Canucks.
2nd period
0:01 of 2nd period - Pavel Datsyuk wins face-off versus Matt Stajan in neutral zone.
0:12 of 2nd period - Wrist shot by Chris Higgins.
0:12 of 2nd period - Shot Blocked by Dennis Wideman.
0:14 of 2nd period - Wrist shot by Matt Stajan.
0:14 of 2nd period - Stopped by Rick DiPietro with a rebound.
0:16 of 2nd period - Slapshot by Alex Goligoski.
0:16 of 2nd period - Shot Misses the Net.
1:18 of 2nd period - Slapshot by Branislav Mezei.
1:18 of 2nd period - Stopped by Michal Neuvirth with a rebound.
1:20 of 2nd period - Wrist shot by Kurtis Foster.
1:20 of 2nd period - Deflect By Rostislav Olesz.
1:20 of 2nd period - Stopped by Michal Neuvirth without a rebound.
1:21 of 2nd period - Mike Comrie wins face-off versus Nik Antropov in Canucks zone.
2:34 of 2nd period - Snap shot by Mike Comrie.
2:34 of 2nd period - Shot Misses the Net.
2:36 of 2nd period - Slapshot by Brenden Morrow.
2:36 of 2nd period - Goal by Brenden Morrow - Blue Jackets : 4 - Canucks : 0.
2:36 of 2nd period - Alex Stalock enters game.
2:37 of 2nd period - Matt Stajan wins face-off versus Pavel Datsyuk in neutral zone.
3:07 of 2nd period - Mike Comrie is hit by Clarke MacArthur and loses puck.
3:22 of 2nd period - Ladislav Smid is hit by Dennis Wideman and loses puck.
5:20 of 2nd period - Slapshot by Jamie McBain.
5:20 of 2nd period - Deflect By Pavel Datsyuk.
5:20 of 2nd period - Stopped by Rick DiPietro without a rebound.
5:21 of 2nd period - Mike Ribeiro wins face-off versus Kevin Porter in Blue Jackets zone.
5:45 of 2nd period - Off-side.
5:46 of 2nd period - Matt Stajan wins face-off versus Mike Comrie in neutral zone.
6:33 of 2nd period - Snap shot by Martins Karsums.
6:33 of 2nd period - Shot Hit the Post.
6:37 of 2nd period - Wrist shot by Derek Boogaard.
6:37 of 2nd period - Stopped by Rick DiPietro without a rebound.
6:38 of 2nd period - Matt Stajan wins face-off versus Pavel Datsyuk in Blue Jackets zone.
6:54 of 2nd period - Slapshot by Pavel Datsyuk.
6:54 of 2nd period - Shot Blocked by Brad Boyes.
7:04 of 2nd period - Matt Stajan is hit by Kurtis Foster and loses puck.
7:17 of 2nd period - Backhand shot by Rostislav Olesz.
7:17 of 2nd period - Shot Misses the Net.
7:49 of 2nd period - Wrist shot by Kevin Porter.
7:49 of 2nd period - Shot Misses the Net.
7:51 of 2nd period - Snap shot by Max Pacioretty.
7:51 of 2nd period - Deflect By Martin Havlat.
7:51 of 2nd period - Shot Misses the Net.
7:51 of 2nd period - Puck is out of play.
7:52 of 2nd period - James Wright wins face-off versus Pavel Datsyuk in Canucks zone.
7:52 of 2nd period - James Wright is hit by Pavel Datsyuk.
7:57 of 2nd period - Jamie McBain is hit by Mike Lundin and loses puck.
8:26 of 2nd period - Minor Penalty to Martin Havlat for Roughing.
8:27 of 2nd period - Pavel Datsyuk wins face-off versus Matt Stajan in Blue Jackets zone.
8:51 of 2nd period - Snap shot by Nick Palmieri.
8:51 of 2nd period - Shot Misses the Net.
8:53 of 2nd period - Wrist shot by Nick Palmieri.
8:53 of 2nd period - Goal by Nick Palmieri - Blue Jackets : 4 - Canucks : 1.
8:54 of 2nd period - Matt Stajan wins face-off versus Mike Comrie in neutral zone.
9:09 of 2nd period - Snap shot by Matt Stajan.
9:09 of 2nd period - Goal by Matt Stajan - Blue Jackets : 4 - Canucks : 2.
9:10 of 2nd period - Matt Stajan wins face-off versus Pavel Datsyuk in neutral zone.
9:42 of 2nd period - Off-side.
9:43 of 2nd period - Mike Comrie wins face-off versus Nik Antropov in neutral zone.
9:46 of 2nd period - Derek Boogaard is hit by Andreas Nodl and loses puck.
9:57 of 2nd period - Snap shot by Mike Comrie.
9:57 of 2nd period - Stopped by Alex Stalock without a rebound.
9:58 of 2nd period - Matt Stajan wins face-off versus Pavel Datsyuk in Canucks zone.
10:00 of 2nd period - Minor Penalty to Alex Goligoski for High sticking.
10:01 of 2nd period - Martin Havlat wins face-off versus Matt Stajan in Canucks zone.
10:07 of 2nd period - Snap shot by Martin Havlat.
10:07 of 2nd period - Shot Blocked by Jamie McBain.
10:09 of 2nd period - Wrist shot by Max Pacioretty.
10:09 of 2nd period - Goal by Max Pacioretty - Blue Jackets : 5 - Canucks : 2.
10:10 of 2nd period - Pavel Datsyuk wins face-off versus Brad Boyes in neutral zone.
10:21 of 2nd period - Slapshot by Martin Havlat.
10:21 of 2nd period - Shot Misses the Net.
10:23 of 2nd period - Snap shot by Pavel Datsyuk.
10:23 of 2nd period - Shot Misses the Net.
10:25 of 2nd period - Slapshot by Dennis Wideman.
10:25 of 2nd period - Shot Misses the Net.
10:27 of 2nd period - Wrist shot by Max Pacioretty.
10:27 of 2nd period - Shot Blocked by Matt Stajan.
11:02 of 2nd period - Nik Antropov is hit by Mike Comrie and loses puck.
11:17 of 2nd period - Snap shot by Kevin Porter.
11:17 of 2nd period - Stopped by Alex Stalock with a rebound.
11:21 of 2nd period - Wrist shot by Mike York.
11:21 of 2nd period - Stopped by Alex Stalock without a rebound.
11:22 of 2nd period - Pavel Datsyuk wins face-off versus Brad Boyes in Canucks zone.
12:11 of 2nd period - Wrist shot by Rostislav Olesz.
12:11 of 2nd period - Shot Misses the Net.
12:13 of 2nd period - Snap shot by Peter Mueller.
12:13 of 2nd period - Deflect By Rostislav Olesz.
12:13 of 2nd period - Shot Blocked by Ladislav Smid.
12:13 of 2nd period - Puck is out of play.
12:14 of 2nd period - Nik Antropov wins face-off versus Peter Mueller in Canucks zone.
12:25 of 2nd period - Wrist shot by Rostislav Olesz.
12:25 of 2nd period - Shot Misses the Net.
12:56 of 2nd period - Nik Antropov is hit by A.J Thelen and loses puck.
13:07 of 2nd period - Snap shot by Peter Mueller.
13:07 of 2nd period - Stopped by Alex Stalock without a rebound.
13:08 of 2nd period - Pavel Datsyuk wins face-off versus Matt Stajan in Canucks zone.
13:15 of 2nd period - Wrist shot by Max Pacioretty.
13:15 of 2nd period - Shot Blocked by Ladislav Smid.
13:35 of 2nd period - Brenden Morrow is hit by Mike Ribeiro and loses puck.
14:02 of 2nd period - Wrist shot by James Wright.
14:02 of 2nd period - Deflect By Kurtis Foster.
14:02 of 2nd period - Stopped by Rick DiPietro with a rebound.
14:04 of 2nd period - Snap shot by Ryan Hollweg.
14:04 of 2nd period - Shot Misses the Net.
15:21 of 2nd period - Dennis Wideman is hit by Justin Falk and loses puck.
15:36 of 2nd period - Chris Campoli is hit by Pavel Datsyuk and loses puck.
15:41 of 2nd period - Wrist shot by Mike York.
15:41 of 2nd period - Deflect By Pavel Datsyuk.
15:41 of 2nd period - Shot Misses the Net.
15:41 of 2nd period - Puck is out of play.
15:42 of 2nd period - Kevin Porter wins face-off versus Brad Boyes in Canucks zone.
15:43 of 2nd period - Snap shot by Mike York.
15:43 of 2nd period - Stopped by Alex Stalock with a rebound.
16:09 of 2nd period - Slapshot by Clarke MacArthur.
16:09 of 2nd period - Shot Blocked by Mike Comrie.
17:21 of 2nd period - Off-side.
17:22 of 2nd period - Peter Mueller wins face-off versus Mike Ribeiro in neutral zone.
17:30 of 2nd period - Jamie McBain is hit by Tyler Kennedy and loses puck.
18:07 of 2nd period - Snap shot by Max Pacioretty.
18:07 of 2nd period - Shot Misses the Net.
18:27 of 2nd period - Martins Karsums is hit by Ryan Wilson and loses puck.
18:32 of 2nd period - Slapshot by Tyler Kennedy.
18:32 of 2nd period - Stopped by Alex Stalock without a rebound.
18:33 of 2nd period - Matt Stajan wins face-off versus Peter Mueller in Canucks zone.
18:33 of 2nd period - Matt Stajan is hit by Tyler Kennedy.
19:23 of 2nd period - Slapshot by Brenden Morrow.
19:23 of 2nd period - Shot Blocked by Justin Falk.
19:25 of 2nd period - Wrist shot by Brenden Morrow.
19:25 of 2nd period - Shot Misses the Net.
19:27 of 2nd period - Slapshot by Mike Comrie.
19:27 of 2nd period - Shot Blocked by Chris Campoli.
Goals for this period are 2 for Blue Jackets vs 2 for Canucks.
Shots for this period are 10 for Blue Jackets vs 6 for Canucks.
3rd period
0:01 of 3rd period - Pavel Datsyuk wins face-off versus Matt Stajan in neutral zone.
0:55 of 3rd period - Mike Lundin is hit by James Wright and loses puck.
1:14 of 3rd period - Martins Karsums is hit by Kevin Porter and loses puck.
2:01 of 3rd period - Peter Mueller is hit by Chris Campoli and loses puck.
2:26 of 3rd period - Slapshot by Clarke MacArthur.
2:26 of 3rd period - Shot Misses the Net.
2:55 of 3rd period - Slapshot by Alex Goligoski.
2:55 of 3rd period - Deflect By Pavel Datsyuk.
2:55 of 3rd period - Stopped by Rick DiPietro without a rebound.
2:56 of 3rd period - Kevin Porter wins face-off versus James Wright in Blue Jackets zone.
3:23 of 3rd period - Mike Ribeiro is hit by Branislav Mezei and loses puck.
3:50 of 3rd period - Snap shot by Brenden Morrow.
3:50 of 3rd period - Shot Misses the Net.
5:17 of 3rd period - Slapshot by Steve Montador.
5:17 of 3rd period - Shot Misses the Net.
5:45 of 3rd period - Snap shot by Chris Campoli.
5:45 of 3rd period - Shot Blocked by Kurtis Foster.
6:17 of 3rd period - Mike Ribeiro is hit by Pavel Datsyuk and loses puck.
6:36 of 3rd period - Mike Lundin is hit by Alex Goligoski and loses puck.
7:17 of 3rd period - Wrist shot by Clarke MacArthur.
7:17 of 3rd period - Stopped by Rick DiPietro with a rebound.
7:27 of 3rd period - Wrist shot by Nick Palmieri.
7:27 of 3rd period - Shot Misses the Net.
8:22 of 3rd period - Snap shot by Chris Higgins.
8:22 of 3rd period - Stopped by Rick DiPietro without a rebound.
8:23 of 3rd period - Mike Ribeiro wins face-off versus Mike Comrie in Blue Jackets zone.
8:48 of 3rd period - Snap shot by Peter Mueller.
8:48 of 3rd period - Shot Blocked by Alex Goligoski.
8:52 of 3rd period - Wrist shot by Rostislav Olesz.
8:52 of 3rd period - Shot Misses the Net.
8:54 of 3rd period - Slapshot by Dennis Wideman.
8:54 of 3rd period - Shot Misses the Net.
9:17 of 3rd period - Pavel Datsyuk is hit by Nik Antropov and loses puck.
9:50 of 3rd period - Matt Stajan is hit by Kevin Porter and loses puck.
10:07 of 3rd period - Ryan Hollweg is hit by Rostislav Olesz and loses puck.
10:12 of 3rd period - Snap shot by Tyler Kennedy.
10:12 of 3rd period - Shot Misses the Net.
10:14 of 3rd period - Wrist shot by Peter Mueller.
10:14 of 3rd period - Stopped by Alex Stalock with a rebound.
10:17 of 3rd period - Icing by Ladislav Smid.
10:18 of 3rd period - Mike Comrie wins face-off versus James Wright in Canucks zone.
10:29 of 3rd period - Andreas Nodl is hit by Johan Franzen and loses puck.
11:08 of 3rd period - Snap shot by Andreas Nodl.
11:08 of 3rd period - Stopped by Alex Stalock with a rebound.
11:10 of 3rd period - Snap shot by Andreas Nodl.
11:10 of 3rd period - Shot Misses the Net.
11:12 of 3rd period - Slapshot by Dennis Wideman.
11:12 of 3rd period - Stopped by Alex Stalock with a rebound.
11:14 of 3rd period - Slapshot by Mike Lundin.
11:14 of 3rd period - Deflect By James Wright.
11:14 of 3rd period - Stopped by Alex Stalock with a rebound.
11:24 of 3rd period - Snap shot by Brenden Morrow.
11:24 of 3rd period - Shot Hit the Post.
11:26 of 3rd period - Snap shot by Mike Comrie.
11:26 of 3rd period - Deflect By Andreas Nodl.
11:26 of 3rd period - Shot Blocked by Ladislav Smid.
11:26 of 3rd period - Puck is out of play.
11:27 of 3rd period - Matt Stajan wins face-off versus Max Pacioretty in Canucks zone.
11:36 of 3rd period - Snap shot by Matt Stajan.
11:36 of 3rd period - Stopped by Rick DiPietro with a rebound.
11:38 of 3rd period - Snap shot by Matt Stajan.
11:38 of 3rd period - Stopped by Rick DiPietro with a rebound.
11:45 of 3rd period - Minor Penalty to Pavel Datsyuk for Hooking.
11:46 of 3rd period - Matt Stajan wins face-off versus Rostislav Olesz in Blue Jackets zone.
12:28 of 3rd period - Dennis Wideman is hit by Nick Palmieri and loses puck.
13:01 of 3rd period - Nick Palmieri is hit by Brenden Morrow.
13:18 of 3rd period - Mike York is hit by Brad Boyes and loses puck.
13:45 of 3rd period - Penalty to Pavel Datsyuk is over, Pavel Datsyuk is back on ice.
14:41 of 3rd period - Snap shot by Dennis Wideman.
14:41 of 3rd period - Deflect By Steve Montador.
14:41 of 3rd period - Goal by Dennis Wideman - Blue Jackets : 6 - Canucks : 2.
14:42 of 3rd period - Mike Comrie wins face-off versus Matt Stajan in neutral zone.
14:42 of 3rd period - Brenden Morrow beats up Brad Boyes.
14:42 of 3rd period - Penalty to Brad Boyes for Fighting.
14:42 of 3rd period - Penalty to Brenden Morrow for Fighting.
14:42 of 3rd period - Penalty to Brenden Morrow for instigated a fight.
14:42 of 3rd period - Penalty to Brenden Morrow for instigated a fight.
14:43 of 3rd period - Pavel Datsyuk wins face-off versus Matt Stajan in neutral zone.
14:46 of 3rd period - Jamie McBain is hit by Martin Havlat.
14:50 of 3rd period - Wrist shot by Alex Goligoski.
14:50 of 3rd period - Stopped by Rick DiPietro with a rebound.
14:52 of 3rd period - Slapshot by Alex Goligoski.
14:52 of 3rd period - Shot Misses the Net.
14:56 of 3rd period - Snap shot by Chris Higgins.
14:56 of 3rd period - Shot Misses the Net.
14:58 of 3rd period - Wrist shot by Chris Higgins.
14:58 of 3rd period - Stopped by Rick DiPietro with a rebound.
16:21 of 3rd period - Jamie McBain is hit by Rostislav Olesz and loses puck.
16:42 of 3rd period - Penalty to Brenden Morrow is over, Martin Havlat is send on ice.
16:54 of 3rd period - Snap shot by Andreas Nodl.
16:54 of 3rd period - Shot Misses the Net.
17:22 of 3rd period - A.J Thelen is hit by Martins Karsums and loses puck.
17:29 of 3rd period - Nik Antropov is hit by Andreas Nodl and loses puck.
18:00 of 3rd period - Tyler Kennedy is hit by Ryan Hollweg and loses puck.
18:26 of 3rd period - Slapshot by A.J Thelen.
18:26 of 3rd period - Deflect By Max Pacioretty.
18:26 of 3rd period - Shot Blocked by Alex Goligoski.
18:26 of 3rd period - Puck is out of play.
18:27 of 3rd period - Nik Antropov wins face-off versus Pavel Datsyuk in Canucks zone.
18:30 of 3rd period - Snap shot by Pavel Datsyuk.
18:30 of 3rd period - Shot Blocked by Martins Karsums.
18:32 of 3rd period - Snap shot by Pavel Datsyuk.
18:32 of 3rd period - Stopped by Alex Stalock with a rebound.
18:36 of 3rd period - Wrist shot by Max Pacioretty.
18:36 of 3rd period - Stopped by Alex Stalock with a rebound.
18:38 of 3rd period - Slapshot by Dennis Wideman.
18:38 of 3rd period - Stopped by Alex Stalock without a rebound.
18:39 of 3rd period - Mike Comrie wins face-off versus Matt Stajan in Canucks zone.
18:42 of 3rd period - Wrist shot by Andreas Nodl.
18:42 of 3rd period - Shot Blocked by Steve Montador.
18:50 of 3rd period - Snap shot by Chris Higgins.
18:50 of 3rd period - Stopped by Rick DiPietro without a rebound.
18:51 of 3rd period - Matt Stajan wins face-off versus Pavel Datsyuk in Blue Jackets zone.
19:22 of 3rd period - Clarke MacArthur is hit by Patrick O'Sullivan and loses puck.
19:27 of 3rd period - Wrist shot by Andreas Nodl.
19:27 of 3rd period - Shot Misses the Net.
19:29 of 3rd period - Snap shot by Mike Comrie.
19:29 of 3rd period - Shot Blocked by Jamie McBain.
19:31 of 3rd period - Snap shot by Andreas Nodl.
19:31 of 3rd period - Stopped by Alex Stalock without a rebound.
19:32 of 3rd period - Matt Stajan wins face-off versus Peter Mueller in Canucks zone.
19:58 of 3rd period - Steve Montador is hit by Pavel Datsyuk and loses puck.
Goals for this period are 1 for Blue Jackets vs 0 for Canucks.
Shots for this period are 9 for Blue Jackets vs 8 for Canucks.
Back to the Top